 Dungeon Crawl Stone Soup version 0.21.1-1-g345015fe64 (webtiles) character file.

103 Evaline the Shooter (level 4, 0/36 HPs)
             Began as a Centaur Hunter on July 4, 2018.
             Was an Initiate of Okawaru.
             Slain by an orc
             ... wielding a +0 flail
              (6 damage)
             ... on level 3 of the Dungeon.
             The game lasted 00:08:31 (2113 turns).

Evaline the Shooter (Centaur Hunter)                Turns: 2113, Time: 00:08:31

Health: 0/36       AC:  6    Str: 15    XL:     4   Next: 51%
Magic:  4/4        EV:  7    Int: 10    God:    Okawaru [......]
Gold:   94         SH:  5    Dex: 10    Spells: 3/3 levels left

rFire    . . .     SeeInvis .   a - +0 dagger (venom)
rCold    + . .     Gourm    .   (no shield)
rNeg     . . .     Faith    .   y - +0 scale mail
rPois    .         Spirit   .   (no helmet)
rElec    .         Reflect  +   (no cloak)
rCorr    .         Harm     .   (no gloves)
MR       .....                  (no barding)
Stlth    ..........             v - +5 amulet of reflection
HPRegen  0.12/turn              o - ring of protection from cold
MPRegen  0.09/turn              (no ring)

@: very quick
A: large, hooves 3, deformed body, speed 2, tough skin 3
a: Renounce Religion


You were on level 3 of the Dungeon.
You worshipped Okawaru.
Okawaru was noncommittal.
You were not hungry.

You visited 1 branch of the dungeon, and saw 3 of its levels.

You collected 94 gold pieces.

Inventory:

Hand Weapons
 a - a +0 dagger of venom (weapon)
 b - a +1 shortbow
 i - a +0 short sword
 m - a +0 morningstar
 n - a +0 club
 A - a +1 vampiric short sword
 B - a +0 war axe
Missiles
 d - 47 arrows
 e - 85 stones (quivered)
 h - 30 poisoned needles
Armour
 y - a +0 scale mail (worn)
Jewellery
 o - a ring of protection from cold (left hand)
 v - a +5 amulet of reflection (around neck)
Wands
 x - a wand of iceblast (8)
Scrolls
 g - a scroll of remove curse {unknown}
 k - 2 scrolls of identify {unknown}
 r - 2 scrolls of teleportation {unknown}
 s - 2 scrolls of magic mapping {unknown}
 w - a scroll of enchant armour {unknown}
Potions
 c - a potion of resistance {unknown}
 j - a potion of agility {unknown}
 p - 3 potions of brilliance {unknown}
 q - 2 potions of curing {unknown}
 t - a potion of degeneration {unknown}
 u - a potion of haste {unknown}
 z - a potion of ambrosia {unknown}
Comestibles
 f - 3 rations
 l - 5 chunks of flesh


   Skills:
 + Level 2.3 Fighting
 + Level 7.2 Bows
 + Level 1.1 Armour
 - Level 1.3 Dodging
 - Level 0.4 Stealth
 * Level 0.7 Invocations


You had 3 spell levels left.
You didn't know any spells.

Dungeon Overview and Level Annotations

Branches:
Dungeon (3/15)

Altars:
Gozag
Nemelex Xobeh
Okawaru
Xom


Innate Abilities, Weirdness & Mutations

You have hooves in place of feet.
Armour fits poorly on your strangely shaped body.
You cover ground very quickly.
You have extremely tough skin. (AC +3)


Message History

You kill the orc!
Okawaru accepts your kill. The bat hits you.
You hit the bat.
You kill the bat!
Okawaru accepts your kill.
You barely miss the orc. The orc hits you with a flail.
* * * LOW HITPOINT WARNING * * *
You barely miss the orc. You barely miss something. Something hits you.
* * * LOW HITPOINT WARNING * * *
You hit something but do no damage. Okawaru accepts your kill.
Reactivating autopickup.
Your Armour skill increases to level 1!
You feel a bit more experienced.
You hit the orc but do no damage. The orc hits you with a flail.
* * * LOW HITPOINT WARNING * * *
You closely miss the orc. The orc hits you with a flail.
You die...

......# ......#
##############.....#
#.......#.. .......#
#.#####.#.# #.†....# #.#
#.#.# #......# #.# #.#.#
#[######
######.#####.#.###.#######
................@o.)......
..........##.#.#####......
..........##.#.# ......
..........##.#.# o....
..........##.#.# .....
..........##.#.# ....
.............#.# ....
##'#......####..
....#######


You could see an orc.

Vanquished Creatures
  An orc wizard (D:3)
  2 adders
  An ooze (D:2)
  3 worms
  A dart slug (D:2)
  3 orcs (D:3)
  3 giant cockroaches
  5 goblins (D:2)
  6 hobgoblins
  2 jackals (D:3)
  A ball python (D:1)
  3 bats
  5 frilled lizards
  2 kobolds
  4 rats
42 creatures vanquished.

Notes
Turn   | Place    | Note
-------+----------+-------------------------------------------
     0 | D:1      | Evaline the Centaur Hunter began the quest for the Orb.
     0 | D:1      | Reached XP level 1. HP: 17/17 MP: 1/1
   479 | D:1      | Reached XP level 2. HP: 23/24 MP: 2/2
   618 | D:1      | Reached skill level 6 in Bows
  1003 | D:2      | Found an iron altar of Okawaru.
  1026 | D:2      | Became a worshipper of Warmaster Okawaru
  1182 | D:2      | Found an opulent altar of Gozag.
  1189 | D:2      | Reached XP level 3. HP: 29/29 MP: 3/3
  1255 | D:2      | Found a sparkling altar of Nemelex Xobeh.
  1280 | D:2      | Found a shimmering altar of Xom.
  2083 | D:3      | Reached XP level 4. HP: 23/36 MP: 4/4
  2105 | D:3      | Reached skill level 7 in Bows
  2111 | D:3      | Reached skill level 1 in Armour
  2113 | D:3      | Slain by an orc

Skill      XL: |  1  2  3  4 |
---------------+-------------+-----
Bows           | 6 7 |  7.2
Armour         | 1 |  1.1
Fighting       | |  2.3
Dodging        | |  1.3
Stealth        | |  0.4
Invocations    | |  0.7

Action                   |  1- 3 |  4- 6 || total
-------------------------+-------+-------++-------
Melee: Dagger            |   108 |    21 ||   129
       Kick              |    22 |     5 ||    27
 Fire: Shortbow          |     6 |       ||     6
  Eat: Chunk             |     2 |       ||     2
Armor: Leather armour    |    24 |       ||    24
       Scale mail        |     7 |     4 ||    11
Dodge: Dodged            |    45 |     4 ||    49
Block: Other             |    14 |       ||    14
       Reflection        |     1 |       ||     1
